 Dungeon Crawl Stone Soup version 0.18.1-5-g4a78601 (webtiles) character file.

37805 epen the Pandemonic (level 13, -7/86 HPs)
             Began as a Gargoyle Gladiator on May 13, 2016.
             Was a High Priest of Makhleb.
             Mangled by an ettin
             ... wielding a +0 dire flail
              (9 damage)
             ... on level 15 of the Dungeon.
             The game lasted 00:44:36 (15239 turns).

epen the Pandemonic (Gargoyle Gladiator)           Turns: 15239, Time: 00:44:37

Health: -7/86      AC: 34    Str: 23    XL:     13   Next: 99%
Magic:  22/22      EV:  7    Int: 16    God:    Makhleb [*****.]
Gold:   507        SH:  0    Dex: 12    Spells: 0 memorised, 12 levels left

rFire  . . .     SeeInvis .     H - +10 dark maul {crush}
rCold  . . .     Gourm    .     v - +6 plate armour of the Forgotten Beds {-Cast Int+4}
rNeg   + . .     Faith    .     (shield currently unavailable)
rPois  ∞         Spirit   .     (helmet restricted)
rElec  +         Dismiss  .     o - +0 cloak
rCorr  .         Reflect  +     N - +0 pair of gloves
SustAt .         Harm     .     I - +0 pair of boots
MR     ++...     Rnd*Rage +     e - +2 amulet of reflection
Stlth  .......... NoCast   +    U - ring of protection from magic
                                A - +3 ring of evasion

@: held, very resistant to hostile enchantments, extremely unstealthy
A: horns 1, thin skeletal structure 1, camouflage 1, berserk 2, blurry vision 1,
clever 1, magic resistance 1, negative energy resistance 1, robust 1,
electricity resistance, slow regeneration 1, unbreathing, petrification
resistance, rot immunity, subdued magic 1, MP-powered wands, AC +9
a: Minor Destruction, Lesser Servant of Makhleb, Major Destruction, Greater
Servant of Makhleb, Renounce Religion


You were on level 15 of the Dungeon.
You worshipped Makhleb.
Makhleb was extremely pleased with you.
You were not hungry.

You visited 1 branch of the dungeon, and saw 15 of its levels.
You also visited: Sewer.

You collected 1243 gold pieces.
You spent 736 gold pieces at shops.

Inventory:

Hand Weapons
 a - a +0 flail
 p - a +1 great mace of draining
 B - a +1 morningstar
 H - the +10 dark maul (weapon) {crush}
   (You found it on level 11 of the Dungeon)

   It inflicts extra damage upon your enemies.
Missiles
 d - 3 throwing nets (quivered)
Armour
 h - a +0 shield
 o - a +0 cloak (worn)
 v - the +6 plate armour of the Forgotten Beds (worn) {-Cast Int+4}
   (You bought it in a shop on level 4 of the Dungeon)

   It affects your intelligence (+4).
   It prevents spellcasting.
 I - a +0 pair of boots (worn)
 N - a +0 pair of gloves (worn)
 V - a +0 helmet of see invisible
 W - a +0 troll leather armour
 Y - a mottled dragon hide
Jewellery
 b - an uncursed ring of positive energy
 e - a +2 amulet of reflection (around neck)
 w - an uncursed ring of magical power
 A - a +3 ring of evasion (left hand)
 L - an uncursed ring of wizardry
 U - a ring of protection from magic (right hand)
Wands
 c - a wand of disintegration (7/24)
 z - a wand of flame (17/48)
 G - a wand of digging (15/24)
 J - a wand of lightning (4/15)
 T - a wand of paralysis (16/24)
Scrolls
 j - 4 scrolls of magic mapping
 k - 4 scrolls of identify
 l - 3 scrolls of amnesia
 n - a scroll of immolation
 q - 2 scrolls of recharging
 t - 4 scrolls of teleportation
 x - 5 scrolls of remove curse
 y - a scroll of fear
 E - a scroll of noise
 S - a scroll of blinking
Potions
 g - 12 potions of curing
 i - 2 potions of haste
 m - 2 potions of heal wounds
 s - 2 potions of brilliance
 u - 3 potions of cancellation
 D - 5 potions of flight
 K - a potion of agility
Comestibles
 f - 14 bread rations
 r - 9 fruits
 C - 7 meat rations
 F - a slice of pizza
 O - 7 beef jerkies
 R - 7 royal jellies


   Skills:
 + Level 8.4 Fighting
 * Level 12.4 Maces & Flails
 - Level 1.7 Throwing
 * Level 10.7 Armour
 + Level 9.9 Dodging
 - Level 4.6 Shields
 * Level 12.7 Invocations


You had 12 spell levels left.
You didn't know any spells.

Dungeon Overview and Level Annotations

Branches:
Dungeon (15/15)            Temple (0/1) D:5            Lair (0/8) D:8
    Orc (0/2) D:11         Vaults (0/5) D:14
 Depths: D:15

Altars:
Ashenzari
Dithmenos
Elyvilon
Fedhas
Kikubaaqudgha
Makhleb
Nemelex Xobeh
Okawaru
Pakellas
Qazlal
Ru
Vehumet
Xom
The Shining One

Shops:
D:4 :[*(   D:9 [


Innate Abilities, Weirdness & Mutations

You are resistant to torment.
Your stone body is resilient (AC +9).
You are immune to poison.
You resist negative energy.
You are resistant to electric shocks.
You can survive without breathing.
You are immune to petrification.
You are immune to rotting.
You have a pair of small horns on your head.
You have a somewhat thin skeletal structure (Dex +2, Stealth).
Your skin changes colour to match your surroundings (Stealth).
You often lose your temper in combat.
Scrolls take you a little longer to read.
Your mind is acute. (Int +2)
You are resistant to hostile enchantments.
You are robust (+10% HP).
You regenerate slowly when monsters are visible.
Your spells are a little easier to cast, but a little less powerful.
You expend magic power (3 MP) to strengthen your wands.


Message History

The ogre mage seems to speed up.
A centaur warrior comes into view.
The centaur warrior shouts!
The centaur warrior wields a shortbow.
The centaur warrior shoots an arrow.
The arrow hits you but does no damage.
A centaur comes into view.
You see here an arrow.
A hill giant comes into view. It is wielding a giant spiked club.
The centaur shouts!
The ettin hits you with a dire flail!!
* * * LOW HITPOINT WARNING * * *
The ettin misses you.
The hill giant throws a throwing net.
The throwing net hits you.
You become entangled in the net!
You see here a throwing net.
Read which item? (? for menu, Esc to quit)
Really read with blurry vision while enemies are nearby?
You begin reading the scroll.
You continue reading the scroll.
The centaur warrior shoots an arrow.
The arrow hits you but does no damage. The ettin closely misses you.
The ettin hits you with a dire flail!
You die...

#### ####### ...########
##..... #.†....... ....
#####.###.######.#######
#......)..O..OpC(....cc.
#.###.###.######@####..#
#.# #.# #.# #..<..C..
#.# #.# #p# ######..#
..# #.###.## ..#
#..#O..## .## ##.#....#
## .#O........ ..# #
#.#.####### #.# # ..#...
#.#


You could see an ettin, a hell knight, a hill giant, a centaur warrior, 2 ogre
magi and a centaur.

Vanquished Creatures
  Rupert (D:13)
  Azrael (D:14)
  Snorg (D:12)
  4 hydras
  Urug (D:11)
  3 unseen horrors
  5 hill giants
  A griffon (D:10)
  An ugly thing (D:12)
  A deep elf mage (D:14)
  3 cyclopes
  Maurice (D:13)
  An elephant (D:8)
  4 centaur zombies
  A gargoyle (D:13)
  2 kobold demonologists
  An efreet (D:11)
  A yaktaur (D:15)
  7 trolls
  Grinder (D:6)
  4 two-headed ogres
  A raiju (shapeshifter) (D:15)
  A slime creature (D:12)
  A spriggan (shapeshifter) (D:13)
  4 shadows
  A vampire (D:14)
  2 wyverns
  A wraith (D:15)
  13 yaks
  Grum (D:10)
  4 hungry ghosts
  4 hippogriffs
  A steam dragon (D:7)
  2 mottled dragons
  A soldier ant (D:9)
  A water moccasin (D:9)
  2 hell hounds (D:14)
  A giant eyeball (shapeshifter) (D:13)
  2 ice beasts
  A black bear (shapeshifter) (D:14)
  4 orc warriors
  7 sky beasts
  A black bear (D:13)
  Duvessa (D:5)
  5 wasps
  An eye of draining (D:11)
  A necrophage (D:11)
  3 phantoms
  6 centaurs
  6 ogres
  4 wolves (D:10)
  6 crocodiles
  2 big kobolds (D:8)
  Blork the orc (D:5)
  4 giant frogs
  Dowan (D:5)
  A wyvern skeleton (D:9)
  A water moccasin skeleton (D:6)
  5 scorpions
  8 killer bees
  A vampire bat (D:3)
  14 howler monkeys
  6 wights
  11 crimson imps
  A wasp zombie (D:12)
  A quasit (D:12)
  4 hounds
  3 jellies
  2 giant frog skeletons
  3 orc priests
  3 centaur skeletons
  13 orc wizards
  9 iguanas
  12 worker ants
  2 killer bee zombies (D:10)
  A hound zombie (D:11)
  A hound skeleton (D:4)
  2 worker ant zombies
  20 adders
  A howler monkey skeleton (D:11)
  3 river rats
  3 shadow imps
  An adder skeleton (D:9)
  4 worms
  3 dart slugs
  7 giant geckos
  39 orcs
  3 ball pythons
  6 bats
  2 bat skeletons (D:3)
  4 bat zombies (D:3)
  16 giant cockroaches
  7 goblins
  5 hobgoblins
  9 jackals
  6 quokkas
  A giant gecko skeleton (D:9)
  5 giant newts
  A jackal skeleton (D:4)
  8 kobolds
  22 rats
422 creatures vanquished.

Vanquished Creatures (collateral kills)
  Erolcha (D:9)
  The ghost of MagicLamp the Earth Mage, a novice DDEE of Makhleb (D:10)
  A centaur warrior (D:13)
  The ghost of barb4r1an the Spear-Bearer, a novice MfSk of Okawaru (D:8)
  3 slime creatures (D:12)
  2 hill giants (D:11)
  An ugly thing (D:12)
  A centaur zombie (D:13)
  A gargoyle (D:12)
  A two-headed ogre (D:8)
  2 fire elementals (D:14)
  2 yaks
  A vampire mosquito (D:11)
  A soldier ant (D:9)
  A giant eyeball (D:12)
  2 orc warriors
  2 phantoms
  7 centaurs
  A crocodile (D:11)
  4 giant frogs
  2 scorpions
  4 killer bees (D:12)
  A wight (D:8)
  A giant frog zombie (D:11)
  A crimson imp (D:11)
  2 orc priests
  2 orc wizards
  A worker ant (D:11)
  A siren (Sewer)
  A merfolk avatar (Sewer)
  A sheep (D:8)
  A hound skeleton (D:11)
  A river rat (Sewer)
  2 adders (Sewer)
  3 orcs
  2 giant cockroaches (Sewer)
  4 ball pythons (Sewer)
  2 giant newts (Sewer)
  3 kobolds (D:8)
  11 rats (Sewer)
  A plant (D:13)
83 creatures vanquished.

Vanquished Creatures (others)
  A lightning spire (D:2)
  A hobgoblin (D:3)
  A quokka (D:3)
  A giant newt (D:3)
  3 bushes (D:2)
7 creatures vanquished.

Grand Total: 512 creatures vanquished

Notes
Turn   | Place    | Note
--------------------------------------------------------------
     0 | D:1      | epen the Gargoyle Gladiator began the quest for the Orb.
     0 | D:1      | Reached XP level 1. HP: 12/12 MP: 1/1
    97 | D:1      | Reached XP level 2. HP: 13/18 MP: 2/2
   192 | D:1      | Reached skill level 1 in Armour
   472 | D:1      | Reached XP level 3. HP: 22/22 MP: 3/3
  1045 | D:2      | Found an oddly glowing altar of Pakellas.
  1046 | D:2      | Noticed a sphinx
  1556 | D:2      | Reached XP level 4. HP: 27/27 MP: 4/4
  1589 | D:2      | Found a stormy altar of Qazlal.
  1670 | D:2      | Found a burning altar of Makhleb.
  1675 | D:2      | Became a worshipper of Makhleb the Destroyer
  2019 | D:3      | Found an ancient bone altar of Kikubaaqudgha.
  2047 | D:3      | Reached XP level 5. HP: 31/32 MP: 5/5
  2155 | D:3      | Found a white marble altar of Elyvilon.
  2230 | D:3      | Reached * piety under Makhleb
  2379 | D:3      | Found a radiant altar of Vehumet.
  2652 | D:4      | Found a shimmering altar of Xom.
  2739 | D:4      | Reached XP level 6. HP: 38/38 MP: 6/6
  2748 | D:4      | Found Jogeitia's Book Boutique.
  2748 | D:4      | Found an iron altar of Okawaru.
  2799 | D:4      | Noticed a phantom
  2852 | D:4      | Killed a phantom
  2852 | D:4      | Reached ** piety under Makhleb
  2852 | D:4      | Reached skill level 1 in Invocations
  3017 | D:4      | Found Empey's Armour Emporium.
  3212 | D:4      | Found Lirisa's Armour Shoppe.
  3251 | D:4      | Reached XP level 7. HP: 42/42 MP: 7/7
  3547 | D:3      | Reached skill level 5 in Armour
  3547 | D:3      | Reached XP level 8. HP: 40/48 MP: 8/13
  3906 | D:4      | Found Miemn's Assorted Antiques.
  4016 | D:4      | Found Bakih's Weapon Shop.
  4288 | D:5      | Entered Level 5 of the Dungeon
  4316 | D:5      | Found a sparkling altar of Nemelex Xobeh.
  4351 | D:5      | Noticed Blork the orc
  4359 | D:5      | Killed Blork the orc
  4403 | D:5      | Noticed Duvessa
  4403 | D:5      | Noticed Dowan
  4440 | D:5      | Killed Duvessa
  4449 | D:5      | Killed Dowan
  4854 | D:5      | Found a glowing drain.
  4858 | Sewer    | Entered a sewer
  4904 | Sewer    | Reached *** piety under Makhleb
  5519 | D:5      | Found a staircase to the Ecumenical Temple.
  5557 | D:5      | Reached XP level 9. HP: 42/52 MP: 14/14
  5805 | D:6      | Noticed Grinder
  5819 | D:6      | Killed Grinder
  5865 | D:6      | Reached **** piety under Makhleb
  6309 | D:6      | Found an iron altar of Okawaru.
  6309 | D:6      | Found a shadowy altar of Dithmenos.
  6309 | D:6      | Found a glowing golden altar of the Shining One.
  6521 | D:7      | Found a shattered altar of Ashenzari.
  7166 | D:7      | Gained mutation: You have supernaturally acute eyesight. [mutagenic meat]
  7167 | D:7      | Gained mutation: You are robust (+10% HP). [mutagenic meat]
  7168 | D:7      | Lost mutation: You have supernaturally acute eyesight. [mutagenic meat]
  7169 | D:7      | Gained mutation: You are occasionally teleported next to monsters. [mutagenic meat]
  7170 | D:7      | Gained mutation: Your spells are a little easier to cast, but a little less powerful. [mutagenic meat]
  7312 | D:7      | Reached skill level 5 in Fighting
  7312 | D:7      | Reached XP level 10. HP: 47/64 MP: 16/16
  7408 | D:8      | Noticed barb4r1an's ghost (novice MfSk)
  7425 | D:8      | Killed barb4r1an's ghost
  7695 | D:8      | Noticed an elephant
  7696 | D:8      | Found a staircase to the Lair.
  7733 | D:8      | Killed an elephant
  8263 | D:8      | Lost mutation: You are robust (+10% HP). [mutagenic meat]
  8264 | D:8      | Gained mutation: You are robust (+10% HP). [mutagenic meat]
  8266 | D:8      | Gained mutation: You have a somewhat thin skeletal structure (Dex +2, Stealth). [mutagenic meat]
  8267 | D:8      | Gained mutation: You tend to lose your temper in combat. [mutagenic meat]
  8268 | D:8      | Gained mutation: You often lose your temper in combat. [mutagenic meat]
  8525 | D:9      | Reached ***** piety under Makhleb
  8567 | D:9      | Found Giymidd's Antique Armour Boutique.
  9134 | D:9      | Noticed Erolcha
  9134 | D:9      | Noticed a blizzard demon
  9218 | D:9      | Reached XP level 11. HP: 70/70 MP: 17/17
  9339 | D:9      | Killed Erolcha
  9505 | D:9      | Found a sacrificial altar of Ru.
  9820 | D:10     | Entered Level 10 of the Dungeon
  9854 | D:10     | Noticed a griffon
  9866 | D:10     | Killed a griffon
  9915 | D:10     | Reached skill level 10 in Maces & Flails
 10062 | D:10     | Noticed MagicLamp's ghost (novice DDEE)
 10084 | D:10     | Killed MagicLamp's ghost
 10332 | D:10     | Noticed Grum
 10359 | D:10     | Killed Grum
 10919 | D:11     | Noticed a hill giant
 10929 | D:11     | Noticed Urug
 10929 | D:11     | Killed a hill giant
 10941 | D:11     | Killed Urug
 10980 | D:11     | Reached skill level 10 in Invocations
 10996 | D:11     | Noticed a hill giant
 11012 | D:11     | Killed a hill giant
 11055 | D:11     | Noticed an unseen horror
 11176 | D:11     | Killed an unseen horror
 11217 | D:11     | Found a staircase to the Orcish Mines.
 11218 | D:11     | Noticed a hill giant
 11224 | D:11     | Killed a hill giant
 11224 | D:11     | Reached XP level 12. HP: 74/78 MP: 19/19
 11265 | D:11     | Gained mutation: You are resistant to hostile enchantments. [mutagenic meat]
 11266 | D:11     | Gained mutation: You expend magic power (3 MP) to strengthen your wands. [mutagenic meat]
 11290 | D:11     | Found a stormy altar of Qazlal.
 11372 | D:11     | Noticed a sun demon
 12054 | D:12     | Paralysed by a giant eyeball for 4 turns
 12063 | D:12     | Paralysed by a giant eyeball for 3 turns
 12072 | D:12     | Paralysed by a giant eyeball for 4 turns
 12107 | D:12     | Reached ****** piety under Makhleb
 12222 | D:12     | Noticed Snorg
 12250 | D:12     | Killed Snorg
 12322 | D:12     | Noticed an eight-headed hydra
 12334 | D:12     | Killed an eight-headed hydra
 12470 | D:12     | Paralysed by a giant eyeball for 4 turns
 12771 | D:12     | Noticed a four-headed hydra
 12777 | D:12     | Killed a four-headed hydra
 12777 | D:12     | Reached XP level 13. HP: 83/83 MP: 21/21
 12912 | D:13     | Noticed Maurice
 12914 | D:13     | Found a blossoming altar of Fedhas.
 12921 | D:13     | Killed Maurice
 13188 | D:13     | Gained mutation: Scrolls take you a little longer to read. [potion of mutation]
 13188 | D:13     | Gained mutation: You regenerate slowly when monsters are visible. [potion of mutation]
 13189 | D:13     | Gained mutation: Your skin changes colour to match your surroundings (Stealth). [potion of mutation]
 13190 | D:13     | Gained mutation: You have a pair of small horns on your head. [potion of mutation]
 13190 | D:13     | Lost mutation: You are occasionally teleported next to monsters. [potion of mutation]
 13306 | D:13     | Gained mutation: Your mind is acute. (Int +2) [mutagenic meat]
 13321 | D:13     | Noticed Rupert
 13327 | D:13     | Killed Rupert
 13439 | D:13     | Reached skill level 10 in Armour
 13674 | D:14     | Found a gate to the Vaults.
 14274 | D:4      | Bought the +6 plate armour of the Forgotten Beds {-Cast Int+4} for 736 gold pieces
 14595 | D:14     | Noticed Azrael
 14604 | D:14     | Killed Azrael
 14826 | D:15     | Entered Level 15 of the Dungeon
 15220 | D:15     | Noticed an ettin
 15225 | D:15     | Noticed an ogre mage
 15227 | D:15     | Noticed an ogre mage
 15237 | D:15     | HP: 2/86 [ettin/dire flail (30)]
 15239 | D:15     | Mangled by an ettin

Skill      XL: |  1  2  3  4  5  6  7  8  9 10 11 12 13 |
---------------+----------------------------------------+-----
Armour         | 1 2 5 6 7 9 10 | 10.7
Fighting       | 3 4 5 6 7 8 |  8.4
Dodging        | 3 6 7 8 9 |  9.9
Maces & Flails | 4 8 9 10 11 12 | 12.4
Invocations    | 1 7 8 10 11 12 | 12.7
Shields        | 4 |  4.6
Throwing       | |  1.7

Action                   |  1- 3 |  4- 6 |  7- 9 | 10-12 | 13-15 || total
-------------------------+-------+-------+-------+-------+-------++-------
Melee: Flail             |   123 |   239 |   142 |       |       ||   504
       Morningstar       |       |       |   385 |   585 |       ||   970
       Maul              |       |       |       |   132 |   132 ||   264
       Headbutt          |       |       |       |       |    12 ||    12
Invok: Lesser Servant of |       |       |     7 |    20 |     3 ||    30
       Greater Servant o |       |       |       |     2 |     2 ||     4
  Use: Scroll            |       |       |     4 |    15 |     4 ||    23
       Potion            |       |       |     3 |       |     3 ||     6
 Stab: Distracted        |       |       |       |     4 |       ||     4
       Sleeping          |       |       |       |       |     2 ||     2
  Eat: Chunk             |     2 |     5 |    13 |    41 |    15 ||    76
       Pizza             |       |       |     1 |       |       ||     1
       Meat ration       |       |       |     1 |       |       ||     1
       Royal jelly       |       |       |       |     1 |     2 ||     3
Armor: Leather armour    |    52 |       |       |       |       ||    52
       Chain mail        |       |   229 |   173 |       |       ||   402
       Plate armour      |       |       |   134 |   265 |    56 ||   455
       Troll leather arm |       |       |       |   149 |    62 ||   211
Dodge: Dodged            |    92 |   138 |   149 |   464 |   155 ||   998
Block: Other             |     5 |    21 |       |    23 |    14 ||    63
       Shield            |       |       |   297 |   409 |       ||   706
       Reflection        |       |       |     4 |    13 |     1 ||    18
